 Dungeon Crawl Stone Soup version 0.31-a0-640-g39d97e502b (webtiles) character file.

Game seed: 3044324577628165568

1465 javelincjr the Ruffian (level 8, -15/75 HPs)
             Began as a Troll Shapeshifter on Aug 28, 2023.
             Was a Follower of Lugonu.
             Demolished by a large slime creature (23 damage)
             ... on level 5 of the Dungeon.
             The game lasted 00:17:23 (3783 turns).

javelincjr the Ruffian (Troll Shapeshifter)         Turns: 3783, Time: 00:17:24

Health: -15/75     AC:  4    Str: 25    XL:     8   Next: 48%
Magic:  8/8        EV: 10    Int:  6    God:    Lugonu [*.....]
Gold:   264        SH:  0    Dex:  9    Spells: 7/7 levels left

rFire   . . .        B - +1 dagger (drain)
rCold   . . .        (no shield)
rNeg    . . .        a - +0 animal skin
rPois   .            (helmet currently unavailable)
rElec   .            y - melded +0 cloak
rCorr   .            (gloves unavailable)
SInv    .            (boots unavailable)
Will    +....        (no amulet)
Stlth   +            (no ring)
HPRegen 1.12/turn    (no ring)
MPRegen 0.11/turn

%: no passive effects
@: brilliant, beast-form, enlightened, flying
A: beast (slay +3), large, unfitting armour, claws 3, regeneration 1, shaggy fur
1, tough skin 1
a: Begin Untransformation, Renounce Religion, Depart the Abyss


You were on level 5 of the Dungeon.
You worshipped Lugonu.
Lugonu was aware of your devotion.
You were a hulking beast.
You visited 2 branches of the dungeon, and saw 6 of its levels.

You collected 264 gold pieces.

Inventory:

Hand Weapons
 g - a +2 antimagic whip
 j - a +0 dagger of flaming
 B - a +1 dagger of draining (weapon)
Missiles
 f - 11 poisoned darts
 m - 2 javelins
 n - a throwing net
 x - 3 atropa-tipped darts
 D - 3 curare-tipped darts
Armour
 a - a +0 animal skin (worn)
 y - a +0 cloak (melded)
Talismans
 c - a beast talisman (active)
 d - a flux talisman
Wands
 u - a wand of acid (7)
Scrolls
 e - 3 scrolls of identify {unknown}
 i - 2 scrolls of enchant armour {unknown}
 k - 4 scrolls of summoning {unknown}
 l - 2 scrolls of teleportation {unknown}
 p - 2 scrolls of poison {unknown}
 r - a scroll of fear {unknown}
 s - a scroll of amnesia {unknown}
 C - a scroll of torment {unknown}
Potions
 b - 3 potions of lignification
 o - a potion of brilliance
 q - a potion of heal wounds {unknown}
 t - a potion of curing {unknown}
 v - a potion of berserk rage {unknown}
 w - a potion of resistance {unknown}
 z - a potion of might {unknown}
 A - a potion of attraction {unknown}


   Skills:
 + Level 3.3 Fighting
 + Level 3.7 Dodging
 * Level 6.6 Unarmed Combat
 + Level 2.2 Invocations
 * Level 6.1 Shapeshifting


You had 7 spell levels left.
You didn't know any spells.
Your spell library was empty.

Dungeon Overview and Level Annotations

Branches:
Dungeon (5/15)             Temple (1/1) D:4

Altars:
Dithmenos
Elyvilon
Makhleb
Qazlal
Sif Muna
Trog
Uskayaw
Wu Jian
Yredelemnul
Zin
The Shining One
Lugonu


Innate Abilities, Weirdness & Mutations

You are a hulking beast.
Your limbs bulge with bestial killing power. (Slay +3)
You are too large for most types of armour.
You have claws for hands.
Your natural rate of healing is unusually fast.
You are covered in fur. (AC +1)
You have tough skin. (AC +1)


Message History

You barely miss the slime creature. The slime creature hits you.
You mangle the slime creature!!
The slime creature is moderately wounded.
Something hits the toadstool.
The toadstool is destroyed!
Two slime creatures merge to form a large slime creature.
The large slime creature attacks as it pursues you!
The large slime creature hits you!
Things that are here:
a +0 whip of draining; a kobold corpse You sense an unholy aura.
B - a +1 dagger of draining (weapon)
You hit the large slime creature. You drain the large slime creature.
The large slime creature is moderately wounded.
The large slime creature hits you!!
You hit the large slime creature but do no damage.
You drain the large slime creature.
The large slime creature is moderately wounded.
The large slime creature barely misses you.
You hit the large slime creature.
The large slime creature is moderately wounded.
The large slime creature hits you but does no damage.
You barely miss the large slime creature.
The large slime creature is moderately wounded.
The large slime creature hits you!!
You hit the large slime creature.
The large slime creature is moderately wounded.
The large slime creature closely misses you.
You hit the large slime creature.
The large slime creature is moderately wounded.
The large slime creature hits you!!
* * * LOW HITPOINT WARNING * * *
It was a potion of brilliance.
You feel clever all of a sudden. The large slime creature hits you!
* * * LOW HITPOINT WARNING * * *
It was a potion of enlightenment.
You feel very buoyant.
You fly up into the air.
The large slime creature hits you!!
You die...

..# #..##
##.....## .
..## ##.##
#.......#
...###.##
#.......#
#......#
#.......#
##.....##
#.....).#
##>.....#
####....#
#..##...#
##..'....#
..####..#
#.########
.## ##.##
##.hJJJJ##
## #..#
#######'##
## #.##
.P÷JJ....#
.## #..#
...P.JJ.÷#
..# ##.##
.P.P.P÷..#
#)## ##.##
.P.....P.#
#..# #..##
...÷...P.#
#..## ##..#
?P.P.P...#
##..####..#
##########


You could see a large slime creature (drained), 2 jellies and an endoplasm.

Vanquished Creatures
  Pikel (D:5)
  Eustachio (D:4)
  4 kobold brigands (D:5)
  2 scorpions
  A hound (D:4)
  An orc priest (D:4)
  2 jellies (D:5)
  2 gnoll boudas
  A sleepcap (D:5)
  An orc wizard (D:4)
  12 gnolls
  4 adders
  An ufetubus (D:4)
  2 worms (D:2)
  6 dart slugs
  10 orcs
  11 endoplasms
  4 giant cockroaches
  9 goblins
  5 hobgoblins
  4 jackals (D:4)
  11 kobolds
  2 quokkas
  13 ball pythons
  7 bats
  5 frilled lizards
  3 rats
125 creatures vanquished.

Notes
Turn   | Place    | Note
-------+----------+-------------------------------------------
     0 | D:1      | javelincjr the Troll Shapeshifter began the quest for the
                  | Orb.
     0 | D:1      | Reached XP level 1. HP: 18/18 MP: 0/0
    30 | D:1      | Reached skill level 1 in Fighting
    30 | D:1      | Reached XP level 2. HP: 27/27 MP: 1/1
   275 | D:1      | Reached XP level 3. HP: 33/33 MP: 2/2
   469 | D:2      | Reached XP level 4. HP: 31/41 MP: 3/3
   567 | D:2      | Found a faded altar of an unknown god.
   849 | D:2      | Reached XP level 5. HP: 49/49 MP: 4/4
  2064 | D:4      | Noticed Eustachio
  2076 | D:4      | Killed Eustachio
  2077 | D:4      | Reached XP level 6. HP: 24/57 MP: 5/5
  2378 | D:4      | Reached skill level 5 in Unarmed Combat
  2473 | D:4      | Found a staircase to the Ecumenical Temple.
  2488 | Temple   | Entered the Ecumenical Temple
  2503 | Temple   | Became a worshipper of Lugonu the Unformed
  2791 | D:4      | Found a bloodstained altar of Trog.
  2889 | D:4      | Reached XP level 7. HP: 56/66 MP: 6/6
  2942 | D:5      | Entered Level 5 of the Dungeon
  2981 | D:5      | Reached skill level 5 in Shapeshifting
  3251 | D:5      | Reached skill level 1 in Invocations
  3356 | D:5      | Found a glowing silver altar of Zin.
  3379 | D:5      | Noticed Pikel
  3419 | D:5      | Killed Pikel
  3420 | D:5      | Reached XP level 8. HP: 16/75 MP: 6/8
  3651 | D:5      | Reached * piety under Lugonu
  3659 | D:5      | HP: 3/75 [kobold brigand/+0 whip (3)]
  3762 | D:5      | Noticed a slime creature
  3764 | D:5      | Noticed a slime creature
  3783 | D:5      | Demolished by a large slime creature

Illustrated notes

Levels and vault maps discovered:
D:1:      lightli_molten_gateway, layout_rooms
D:2:      minmay_door_path, layout_loops_ring, basic_ecumenical_altar,
          grunt_ministairs_15
D:3:      layout_loops_ring
D:4:      layout_basic, lemuel_coloured_pillars_altar,
          minmay_temple_entry_glassed_door, hex_medium,
          minmay_fractal_squares_gapless_5, uniq_eustachio
D:5:      cheibrodos_fertilizer, layout_layer_cave,
          mainiacjoe_overflow_small_starburst, uniq_pikel
Temple:   kb_corrupted_temple

Skill      XL: |  1  2  3  4  5  6  7  8 |
---------------+-------------------------+-----
Fighting       | 1 2 3 |  3.3
Dodging        | 2 3 |  3.7
Unarmed Combat | 4 5 6 |  6.6
Shapeshifting  | 4 5 6 |  6.1
Invocations    | 1 2 |  2.2

Action                     |  1- 3 |  4- 6 |  7- 9 || total
---------------------------+-------+-------+-------++-------
  Melee: Unarmed           |    68 |   173 |    12 ||   253
         Punch             |       |     6 |     4 ||    10
         Dagger            |       |       |   121 ||   121
Ability: Begin Untransform |       |     1 |       ||     1
    Use: Potion            |       |       |     2 ||     2
   Stab: Sleeping          |       |     1 |       ||     1
 Armour: Animal skin       |    22 |    44 |    39 ||   105
  Dodge: Dodged            |    27 |    81 |    70 ||   178
   Form: Beast             |       |     1 |       ||     1

Table legend: (Time is in decaauts)
 A = Elapsed time spent in this place.
 B = Non-inter-level travel time spent in this place.
 C = Inter-level travel time spent in this place.
 D = Time resting spent in this place.
 E = Time spent auto-exploring this place.
 F = Levels seen in this place.
 G = Mean time per level.
                   A        B        C        D        E       F      G
               +--------+--------+--------+--------+--------+-----+--------+
         Total |   3764 |   3647 |    117 |    184 |   2579 |   6 |  627.3 |
       Dungeon |   3736 |   3643 |     93 |    184 |   2579 |   5 |  747.2 |
        Temple |     28 |      4 |     24 |      0 |      0 |   1 |   28.0 |
               +--------+--------+--------+--------+--------+-----+--------+

Top non-repeatable levels by time:
     D:4: 877 daAuts
     D:5: 843 daAuts
     D:2: 815 daAuts
     D:3: 741 daAuts
     D:1: 458 daAuts
  Temple: 28 daAuts
